 Dungeon Crawl Stone Soup version 0.21-a0-504-g2eda330 (webtiles) character file.

706 4thArraOfDagon the Firebug (level 7, -2/36 HPs)
             Began as a Deep Elf Fire Elementalist on Nov 26, 2017.
             Was a Priest of Cheibriados.
             Slain by an orc
             ... wielding a +0 short sword
              (5 damage)
             ... on level 4 of the Dungeon.
             The game lasted 00:09:35 (1326 turns).

4thArraOfDagon the Firebug (DEFE)                   Turns: 1326, Time: 00:09:36

Health: -2/36      AC:  7    Str: 13    XL:     7   Next: 39%
Magic:  0/17       EV: 12    Int: 30    God:    Cheibriados [***...]
Gold:   152        SH:  0    Dex: 23    Spells: 4/17 levels left

rFire    . . .     SeeInvis .   x - +4 club
rCold    . . .     Gourm    .   (no shield)
rNeg     + . .     Faith    +   q - +0 ring mail
rPois    .         Spirit   .   (no helmet)
rElec    .         Reflect  .   e - +1 cloak
rCorr    .         Harm     .   (no gloves)
MR       .....                  (no boots)
Stlth    +.........             k - amulet of faith
HPRegen  0.12/turn              l - ring of loudness (curse)
MPRegen  0.15/turn              s - ring of positive energy (curse)

@: very slightly contaminated, invisible, very slow
A: no striking features
a: Bend Time, Temporal Distortion, Renounce Religion


You were on level 4 of the Dungeon.
You worshipped Cheibriados.
Cheibriados was most pleased with you.
You were not hungry.

You visited 1 branch of the dungeon, and saw 4 of its levels.

You collected 152 gold pieces.

Inventory:

Hand Weapons
 x - a +4 club (weapon)
Missiles
 d - 7 curare-tipped needles
Armour
 a - a +0 robe
 e - a +1 cloak (worn)
 q - a +0 ring mail (worn)
 y - a +2 leather armour of fire resistance
Jewellery
 k - an amulet of faith (around neck)
 l - a cursed ring of loudness (left hand)
 s - a cursed ring of positive energy (right hand)
Wands
 w - a wand of disintegration (3)
Scrolls
 f - a scroll of enchant armour
 g - 3 scrolls of magic mapping
 i - a scroll of identify
 n - 2 scrolls of immolation
 o - a scroll of noise {unknown}
 p - a scroll of random uselessness {unknown}
 r - a scroll of amnesia {unknown}
 t - a scroll of blinking {unknown}
 z - a scroll of fog {unknown}
 A - a scroll of remove curse {unknown}
Potions
 h - a potion of invisibility
 u - a potion of magic {unknown}
 v - a potion of might {unknown}
 B - a potion of degeneration {unknown}
Books
 b - a book of Flames

   Spells                             Type                      Level
   a - Flame Tongue                   Conjuration/Fire             1
   b - Throw Flame                    Conjuration/Fire             2
   c - Conjure Flame                  Conjuration/Fire             3
   d - Inner Flame                    Hexes/Fire                   3
   e - Sticky Flame                   Conjuration/Fire             4
   f - Fireball                       Conjuration/Fire             5
Comestibles
 c - 3 bread rations
 m - a royal jelly


   Skills:
 - Level 2.4 Dodging
 - Level 2.4 Stealth
 + Level 5.6 Spellcasting
 * Level 5.6 Conjurations
 * Level 6.5 Fire Magic


You had 4 spell levels left.
You knew the following spells:

 Your Spells              Type           Power        Failure   Level  Hunger
a - Flame Tongue          Conj/Fire      #####        1%          1    None
b - Conjure Flame         Conj/Fire      #####...     3%          3    None
c - Sticky Flame          Conj/Fire      #####...     10%         4    ###....
d - Fireball              Conj/Fire      #####.....   26%         5    #####..


Dungeon Overview and Level Annotations

Branches:
Dungeon (4/15)
 Temple: D:4-7

Altars:
Ashenzari
Cheibriados
Ru
Sif Muna

Annotations:
D:4 Menkaure


Message History

The flame tongue hits the orc.
The orc appears unharmed.
The orc barely misses you.
Unknown command.
The orc hits you with a short sword.
* * * LOW HITPOINT WARNING * * *
Items here: ))) ? [[[ † Unknown command.
Unknown command.
The orc barely misses you.
Unknown command.
The orc closely misses you.
Unknown command.
Casting: Flame Tongue
Confirm with . or Enter, or press ? or * to list all spells.
Aiming: Flame Tongue
Press: ? - help, Shift-Dir - straight line, f/p - orc
Aim: an orc, wielding a short sword and wearing a scale mail The flame tongue hits the orc.
The orc appears unharmed.
The orc hits you with a short sword.
You die...

....# ###.#.......... ....#
#....#.##.... ...#
###.......#.. # ...#
#.....###...# ..## ..#
#...#........ ..... #.#
#.######...<.
#.#...##.#######.# #...##
.......:.....o......# #...##
..........##)#@#)#### #.))..
..a..Z.o..##......#### #)###.
.......o..####).#....#####.# #.
.....o.....................####
..........##...###.#.##.....# #
.............### #......###..##
.......<..#### ###....# #...
..........# ##...# ####
#.......### #...###


You could see an orc.

Vanquished Creatures
  Grinder (D:3)
  A phantom (D:4)
  An orc priest (D:4)
  A hound (D:4)
  2 orc wizards
  Ijyb (D:4)
  An iguana (D:2)
  Natasha (D:4)
  2 worker ants (D:4)
  A gnoll (D:1)
  7 adders
  2 oozes
  An adder zombie (D:4)
  4 worms
  A dart slug (D:2)
  5 leopard geckos
  16 orcs
  2 bats
  5 giant cockroaches
  3 hobgoblins
  A jackal (D:1)
  3 kobolds
  4 quokkas
  A ball python (D:3)
  4 frilled lizards
  8 goblins
  2 rats
81 creatures vanquished.

Notes
Turn   | Place    | Note
-------+----------+-------------------------------------------
     0 | D:1      | 4thArraOfDagon the Deep Elf Fire Elementalist began the quest for the Orb.
     0 | D:1      | Reached XP level 1. HP: 10/10 MP: 6/6
    12 | D:1      | 4thArraOfDagon: d:2 bees xd
    70 | D:1      | Reached XP level 2. HP: 10/15 MP: 0/8
   271 | D:2      | Reached XP level 3. HP: 19/19 MP: 2/9
   292 | D:2      | Learned a level 3 spell: Conjure Flame
   347 | D:2      | Reached skill level 4 in Fire Magic
   412 | D:2      | Found a snail-covered altar of Cheibriados.
   421 | D:2      | 4thArraOfDagon: grac czeiem?
   424 | D:2      | Became a worshipper of Cheibriados the Contemplative
   469 | D:1      | Reached XP level 4. HP: 21/24 MP: 6/11
   510 | D:1      | Learned a level 4 spell: Sticky Flame
   514 | D:1      | Thaneod: a możesz z blinka korzystać potem?
   607 | D:2      | 4thArraOfDagon: no moge
   607 | D:2      | 4thArraOfDagon: bez problemu
   630 | D:3      | Reached * piety under Cheibriados
   642 | D:3      | Thaneod: s taką szybkością to albo zabijesz albo zginiesz
   644 | D:3      | Found a sacrificial altar of Ru.
   649 | D:3      | Reached XP level 5. HP: 28/28 MP: 5/13
   754 | D:4      | Noticed Grinder
   754 | D:4      | Noticed Menkaure
   754 | D:4      | 4thArraOfDagon: niewiem
   761 | D:3      | Killed Grinder
   761 | D:3      | Reached skill level 5 in Fire Magic
   761 | D:3      | Reached XP level 6. HP: 2/32 MP: 3/15
   769 | D:3      | Learned a level 5 spell: Fireball
   848 | D:3      | Reached ** piety under Cheibriados
   881 | D:3      | Found a shattered altar of Ashenzari.
  1038 | D:4      | Noticed Ijyb
  1046 | D:4      | Killed Ijyb
  1046 | D:4      | Reached skill level 5 in Spellcasting
  1073 | D:4      | Found a deep blue altar of Sif Muna.
  1121 | D:4      | Noticed Natasha
  1124 | D:4      | Killed Natasha
  1141 | D:4      | Reached *** piety under Cheibriados
  1141 | D:4      | Reached skill level 5 in Conjurations
  1141 | D:4      | Reached skill level 6 in Fire Magic
  1141 | D:4      | Reached XP level 7. HP: 36/36 MP: 0/16
  1326 | D:4      | Slain by an orc

Vault maps used:
D:1:      minmay_arrival_arboretum_small, serial_forest,
          infiniplex_forest_clump_medium, infiniplex_forest_end_2,
          infiniplex_forest_lined_room_2, infiniplex_forest_straight_2,
          infiniplex_forest_clump_double, infiniplex_forest_clump_long,
          infiniplex_forest_lined_2, infiniplex_forest_straight_4,
          grunt_decor_mini_mirrors, st_stairs_7, roderic_roman_lattice,
          minmay_cut_off
D:2:      kennysheep_slug_shrine
D:3:      lemuel_crystal_altar, nicolae_ru_great_annihilating_truth, first_bread
D:4:      lemuel_upstairs_altar, old_standard_altar, tso_metal_star,
          grunt_ministairs_1, uniq_grinder, uniq_natasha, uniq_ijyb,
          uniq_menkaure

Skill      XL: |  1  2  3  4  5  6 |
---------------+-------------------+-----
Conjurations   | 2 3 4 5 |  5.6
Fire Magic     | 4 5 6 |  6.5
Spellcasting   | 4 5 |  5.6
Dodging        | |  2.4
Stealth        | |  2.4

Action                   |  1- 3 |  4- 6 |  7- 9 || total
-------------------------+-------+-------+-------++-------
Melee: Club              |       |       |     9 ||     9
 Cast: Flame Tongue      |    35 |    99 |    22 ||   156
       Conjure Flame     |     1 |       |       ||     1
       Sticky Flame      |       |     3 |     5 ||     8
  Use: Potion            |       |     2 |     2 ||     4
       Scroll            |       |     3 |       ||     3
 Stab: Invisible         |       |       |     1 ||     1
  Eat: Chunk             |       |       |     1 ||     1
Armor: Robe              |     1 |     7 |       ||     8
       Ring mail         |       |     4 |     5 ||     9
Dodge: Dodged            |     7 |     7 |    10 ||    24

Table legend:
 A = Spawn XP
 B = Non-spawn XP
 C = Spawn XP percentage of total XP
 D = Spawn monster count
 E = Non-spawn monster count
 F = Spawn count percentage of total count
 G = Total turns spent on level
                    A         B        C        D         E        F      G
               +---------+---------+-------+---------+---------+-------+---------
         Total |       0 |    1009 |   0.0 |       0 |      81 |   0.0 |  1326
               +---------+---------+-------+---------+---------+-------+---------
           D:1 |       0 |      40 |   0.0 |       0 |      15 |   0.0 |   386
           D:2 |       0 |      99 |   0.0 |       0 |      12 |   0.0 |   284
           D:3 |       0 |     423 |   0.0 |       0 |      32 |   0.0 |   356
           D:4 |       0 |     447 |   0.0 |       0 |      22 |   0.0 |   300
               +---------+---------+-------+---------+---------+-------+---------
